 Dungeon Crawl Stone Soup version 0.24.0-37-gcf1ca852f1 (webtiles) character file.

Game seed: 3991190010563969721, levelgen mode: deterministic

57 Nierin the Skirmisher (level 3, -2/33 HPs)
             Began as a Minotaur Fighter on Nov 29, 2019.
             Slain by a gnoll
             ... wielding a +0 spear
              (7 damage)
             ... on level 4 of the Dungeon.
             The game lasted 00:11:17 (1328 turns).

Nierin the Skirmisher (Minotaur Fighter)            Turns: 1328, Time: 00:11:17

Health: -2/33      AC:  7    Str: 21    XL:     3   Next: 73%
Magic:  2/2        EV:  7    Int:  5    God:
Gold:   30         SH:  9    Dex:  9    Spells: 2/2 levels left

rFire    . . .     SeeInvis .   a - +0 long sword
rCold    . . .     Gourm    .   c - +0 shield
rNeg     . . .     Faith    .   b - +0 scale mail
rPois    .         Spirit   .   (helmet restricted)
rElec    .         Reflect  .   (no cloak)
rCorr    .         Harm     .   (no gloves)
MR       .....                  (no boots)
Stlth    ..........             (no amulet)
HPRegen  0.11/turn              (no ring)
MPRegen  0.08/turn              (no ring)

@: no status effects
A: retaliatory headbutt, horns 2
a: no special abilities


You were on level 4 of the Dungeon.
You were very hungry.

You visited 1 branch of the dungeon, and saw 4 of its levels.

You collected 30 gold pieces.

Inventory:

Hand Weapons
 a - a +0 long sword (weapon)
Armour
 b - a +0 scale mail (worn)
 c - a +0 shield (worn)
Potions
 d - a potion of might
 e - a potion of brilliance {unknown}
 g - a potion of ambrosia {unknown}
Comestibles
 f - 2 rations


   Skills:
 + Level 4.2 Fighting
 * Level 3.4 Long Blades
 + Level 4.2 Armour
 + Level 4.1 Shields


You had 2 spell levels left.
You didn't know any spells.
Your spell library was empty.

Dungeon Overview and Level Annotations

Branches:
Dungeon (4/15)
 Temple: D:4-7

Altars:


Innate Abilities, Weirdness & Mutations

You reflexively headbutt those who attack you in melee.
You have a pair of horns on your head.


Message History

The worker ant barely misses you.
You riposte.
You closely miss the worker ant.
The worker ant is lightly wounded.
The gnoll hits you from afar with a +0 spear.
* * * LOW HITPOINT WARNING * * *
The worker ant bites you but does no damage.
The gnoll barely misses you.
You closely miss the worker ant.
You headbutt the worker ant, but do no damage.
The worker ant is lightly wounded.
You block the worker ant's attack. The gnoll hits you but does no damage.
You closely miss the worker ant. Your headbutt misses the worker ant.
The worker ant is lightly wounded.
The worker ant bites you but does no damage.
The gnoll hits you but does no damage. The worker ant closely misses you.
You hit the worker ant.
The worker ant is moderately wounded.
The gnoll barely misses you.
The worker ant bites you but does no damage.
The gnoll hits you from afar with a +0 spear!
You die...

#.#. .# ###.#.# .# #
.....# .# ##.##....
.# ......... .# #
##.##.#.##.#.#.#
..?............#
.......ga@.#...
#......))........
#..##...##.##....
#..............##
######..##...##.###.
#.......##...##.....
#.................#
#.####..####.##.###
#.#.............#


You could see a worker ant and a gnoll.

Vanquished Creatures
  2 gnolls (D:4)
  An adder skeleton (D:2)
  A worm (D:2)
  A leopard gecko (D:1)
  An orc (D:3)
  4 giant cockroaches (D:1)
  3 goblins (D:1)
  4 hobgoblins (D:1)
  4 kobolds (D:1)
  2 bats (D:1)
  2 frilled lizards (D:1)
  4 rats (D:1)
  A plant (D:1)
30 creatures vanquished.

Notes
Turn   | Place    | Note
-------+----------+-------------------------------------------
     0 | D:1      | Nierin the Minotaur Fighter began the quest for the Orb.
     0 | D:1      | Reached XP level 1. HP: 19/19 MP: 0/0
   358 | D:1      | Reached XP level 2. HP: 27/27 MP: 1/1
  1108 | D:2      | Reached XP level 3. HP: 18/33 MP: 2/2
  1328 | D:4      | Slain by a gnoll

Levels and vault maps discovered:
D:1:      onia_arrival_mini_maze, layout_basic, chequers_arboretum
D:2:      minmay_recursive_quarters, layout_basic,
          nicolae_dithmenos_shadow_blocks, serial_undead, serial_undead_b,
          serial_undead_e, serial_undead_c, serial_undead_b, serial_undead_a,
          serial_undead_c, hangedman_decor_lopped
D:3:      layout_loops_ring, chequers_ecumenical_altar_simple, first_ration
D:4:      layout_basic

Skill      XL: |  1  2  3 |
---------------+----------+-----
Fighting       | 4 |  4.2
Shields        | 4 |  4.1
Armour         | 4 |  4.2
Long Blades    | 3 |  3.4

Action                   || total
-------------------------++-------
Melee: Long sword        ||    93
       Headbutt          ||    18
Armor: Scale mail        ||    37
Dodge: Dodged            ||    17
Block: Shield            ||    35
       Rpst.: Long sword ||     5
